 Dungeon Crawl Stone Soup version 0.31-a0-426-g3a05650e59 (webtiles) character file.

Game seed: 10406663464458455699

987 LeprechaunX the Ruffian (level 8, -1/52 HPs)
             Began as an Octopode Shapeshifter on July 31, 2023.
             Slain by an ogre
             ... wielding a +0 giant spiked club
              (21 damage)
             ... on level 5 of the Dungeon.
             The game lasted 00:05:18 (3600 turns).

LeprechaunX the Ruffian (Octopode Shapeshifter)     Turns: 3600, Time: 00:05:19

Health: -1/52      AC:  1    Str: 17    XL:     8   Next: 18%
Magic:  10/10      EV: 14    Int: 10    God:
Gold:   148        SH:  0    Dex: 12    Spells: 8/10 levels left

rFire   . .          .
                       - Unarmed
rCold   . . .        (no shield)
rNeg    . . .        (helmet currently unavailable)
rPois   .            (no amulet)
rElec   .            (no ring)
rCorr   .            (no ring)
SInv    .            (no ring)
Will    .....        (no ring)
Stlth   ++           (no ring)
HPRegen 0.28/turn    (no ring)
MPRegen 0.12/turn    (no ring)
                     (no ring)

%: no passive effects
@: beast-form
A: beast (slay +3), almost no armour, amphibious, 8 rings, camouflage 1,
gelatinous body 1, (nimble swimmer 1), tentacles
a: Begin Untransformation


You were on level 5 of the Dungeon.
You were a hulking beast.
You visited 1 branch of the dungeon, and saw 5 of its levels.

You collected 148 gold pieces.

Inventory:

Talismans
 b - a beast talisman (active)
Wands
 a - a wand of roots (10)
Scrolls
 d - a scroll of silence {unknown}
 f - 4 scrolls of identify {unknown}
 g - 2 scrolls of vulnerability {unknown}
 h - a scroll of enchant weapon {unknown}
 i - 2 scrolls of fear {unknown}
 k - 2 scrolls of teleportation {unknown}
 m - a scroll of poison {unknown}
 n - a scroll of revelation {unknown}
 p - a scroll of immolation {unknown}
 q - a scroll of noise {unknown}
 s - a scroll of enchant armour {unknown}
 t - a scroll of fog {unknown}
Potions
 c - a potion of haste {unknown}
 e - a potion of resistance {unknown}
 j - a potion of heal wounds {unknown}
 l - a potion of berserk rage {unknown}
 o - a potion of attraction {unknown}
 r - a potion of mutation {unknown}
 u - a potion of curing {unknown}


   Skills:
 - Level 3.0 Fighting
 - Level 4.0 Dodging
 * Level 6.3 Unarmed Combat
 + Level 1.9 Spellcasting
 + Level 2.5 Translocations
 + Level 4.5 Shapeshifting


You had 8 spell levels left.
You knew the following spells:

 Your Spells              Type           Power      Damage    Failure   Level
a - Blink                 Tloc           12%        N/A       17%         2

Your spell library contained the following spells:

 Spells                   Type           Power      Damage    Failure   Level
 Lesser Beckoning         Tloc           12%        N/A       17%         2
 Momentum Strike          Conj/Tloc      6%         3d8       28%         2
 Summon Ice Beast         Ice/Summ       0%         N/A       97%         4
 Summon Mana Viper        Hex/Summ       0%         N/A       100%        5
 Monstrous Menagerie      Summ           0%         N/A       100%        7


Dungeon Overview and Level Annotations

Branches:
Dungeon (5/15)
 Temple: D:4-7

Altars:
Xom
Zin

Shops:
D:1 (


Innate Abilities, Weirdness & Mutations

You are a hulking beast.
Your limbs bulge with bestial killing power. (Slay +3)
You cannot wear most types of armour.
You are amphibious.
You can wear up to eight rings at the same time.
Your skin changes colour to match your surroundings (Stealth+).
Your rubbery body absorbs attacks. (AC +1, EV +1)
((You are camouflaged when in or above water. (Stealth+)))
You have tentacles for arms and can constrict up to eight enemies at once.


Message History

There is an open door here.
The orc barely misses you.
The orc shouts!
You tentacle-slap the orc. Your grab misses the orc.
The orc is heavily wounded.
The orc hits you but does no damage.
You tentacle-slap the orc but do no damage.
You grab the orc. You squeeze the orc.
You kill the orc!
There is an open door here.
Things that are here:
a +0 whip; a +0 scale mail; an orc corpse The orc misses you.
You barely miss the orc. You grab the orc. You constrict the orc.
The orc misses you.
You tentacle-slap the orc.
The orc is heavily wounded.
You constrict the orc. The orc hits you with a +0 dagger.
You bludgeon the orc!
You kill the orc!
HP restored.
There is an open door here.
Found a stone staircase leading down.
An ogre comes into view. It is wielding a +0 giant spiked club.
The ogre shouts!
An ogre is nearby!
An ogre is nearby!
An ogre is nearby!
The ogre hits you with a +0 giant spiked club!!
You closely miss the ogre. You bludgeon the ogre! Your squeeze misses the ogre.
The ogre is moderately wounded.
The ogre hits you with a +0 giant spiked club!
You are too injured to fight recklessly!
You closely miss the ogre. You squeeze the ogre!
The ogre is heavily wounded.
You tentacle-slap the ogre. You squeeze the ogre.
The ogre is severely wounded.
The ogre hits you with a +0 giant spiked club!!
You die...

##..##...# #.#.#
#####..###.# ### #.#.#
#..........# #.. ..#.#
#..........# #.# ###.#
#..........#####.# #.#
#.............##.# #
+..........##.##.####..#
#.........###.##......#
########### #...hO...#
#..#####.# ##># #.# #.#
#.. ###


You could see an ogre.

Vanquished Creatures
  Sigmund (D:3)
  Edmund (D:4)
  An ogre (D:4)
  A phantom (D:5)
  3 scorpions
  A hound (D:4)
  An orc priest (D:4)
  2 iguanas
  A sleepcap (D:4)
  Ijyb (D:4)
  2 orc wizards
  6 adders
  3 gnolls (D:4)
  A white imp (D:5)
  A worm (D:2)
  A dart slug (D:4)
  9 orcs
  2 bats (D:3)
  5 endoplasms
  8 giant cockroaches
  4 hobgoblins
  3 quokkas
  4 ball pythons
  6 frilled lizards
  7 goblins
  5 kobolds
  8 rats
88 creatures vanquished.

Notes
Turn   | Place    | Note
-------+----------+-------------------------------------------
     0 | D:1      | LeprechaunX the Octopode Shapeshifter began the quest for
                  | the Orb.
     0 | D:1      | Reached XP level 1. HP: 13/13 MP: 1/1
   124 | D:1      | Found a faded altar of an unknown god.
   167 | D:1      | Reached XP level 2. HP: 18/18 MP: 2/2
   202 | D:1      | Found Afaw's Weapon Boutique.
   700 | D:2      | Reached XP level 3. HP: 23/23 MP: 3/3
  1499 | D:3      | Noticed Sigmund
  1507 | D:3      | Killed Sigmund
  1508 | D:3      | Reached skill level 4 in Unarmed Combat
  1508 | D:3      | Reached XP level 4. HP: 30/30 MP: 4/4
  1508 | D:3      | Reached XP level 5. HP: 35/35 MP: 5/5
  1601 | D:3      | Learned a level 2 spell: Blink
  1708 | D:3      | Reached XP level 6. HP: 40/41 MP: 6/6
  1903 | D:3      | Identified the +3 ring mail of Vuili {+Inv Str+3}
  2199 | D:4      | Reached skill level 5 in Unarmed Combat
  2273 | D:4      | Reached skill level 1 in Translocations
  2367 | D:4      | Reached XP level 7. HP: 23/45 MP: 7/7
  2731 | D:4      | Reached skill level 1 in Spellcasting
  2819 | D:4      | Noticed Edmund
  2824 | D:4      | Noticed Ijyb
  2840 | D:4      | Killed Ijyb
  2849 | D:4      | Killed Edmund
  3058 | D:4      | Reached skill level 6 in Unarmed Combat
  3200 | D:5      | Entered Level 5 of the Dungeon
  3232 | D:5      | Found a glowing silver altar of Zin.
  3237 | D:5      | Noticed an angel
  3240 | D:5      | Found a shimmering altar of Xom.
  3296 | D:5      | Reached XP level 8. HP: 52/52 MP: 10/10
  3600 | D:5      | Slain by an ogre

Illustrated notes

Levels and vault maps discovered:
D:1:      zelgadis_glass_arrival_small, layout_basic,
          shapermc_ecumenical_altar_acropolis, serial_shops, shop,
          serial_curves, eino_curves_04, eino_curves_02, minmay_distorted
D:2:      layout_basic
D:3:      layout_loops_ring, hangedman_abyss_or_decor_stabs, uniq_sigmund
D:4:      layout_basic, uniq_edmund, uniq_ijyb
D:5:      layout_basic, grunt_temple_overflow_order_and_chaos_1,
          gammafunk_ghost_arena

Skill      XL: |  1  2  3  4  5  6  7 |
---------------+----------------------+-----
Fighting       | 2 3 |  3.0
Dodging        | 3 4 |  4.0
Unarmed Combat | 4 5 6 |  6.3
Translocations | 1 2 |  2.5
Shapeshifting  | 4 |  4.5
Spellcasting   | 1 |  1.9

Action                     |  1- 3 |  4- 6 |  7- 9 || total
---------------------------+-------+-------+-------++-------
  Melee: Unarmed           |    77 |    65 |    67 ||   209
         Constrict         |    22 |    14 |    17 ||    53
         Tentacles         |    10 |     7 |    12 ||    29
         Punch             |     2 |     4 |     1 ||     7
   Cast: Blink             |       |       |     1 ||     1
    Use: Potion            |       |       |     1 ||     1
   Stab: Sleeping          |     6 |     2 |     2 ||    10
 Armour: Skin              |     6 |     5 |    10 ||    21
  Dodge: Dodged            |    36 |    31 |    25 ||    92

Table legend: (Time is in decaauts)
 A = Elapsed time spent in this place.
 B = Non-inter-level travel time spent in this place.
 C = Inter-level travel time spent in this place.
 D = Time resting spent in this place.
 E = Time spent auto-exploring this place.
 F = Levels seen in this place.
 G = Mean time per level.
                   A        B        C        D        E       F      G
               +--------+--------+--------+--------+--------+-----+--------+
         Total |   3582 |   3464 |    118 |    344 |   2524 |   5 |  716.4 |
       Dungeon |   3582 |   3464 |    118 |    344 |   2524 |   5 |  716.4 |
               +--------+--------+--------+--------+--------+-----+--------+

Top non-repeatable levels by time:
     D:4: 1060 daAuts
     D:3: 835 daAuts
     D:1: 648 daAuts
     D:2: 640 daAuts
     D:5: 397 daAuts
